 Dungeon Crawl Stone Soup version 0.31-a0-233-g139696dc86 (webtiles) character file.

Game seed: 7668572911415757281

16578 Gargoyl the Cleaver (level 12, -8/77 HPs)
             Began as a Gargoyle Berserker on July 8, 2023.
             Was a Priest of Trog.
             Mangled by a death yak (10 damage)
             ... on level 3 of the Lair of Beasts.
             The game lasted 00:13:21 (11501 turns).

Gargoyl the Cleaver (Gargoyle Berserker)           Turns: 11501, Time: 00:13:22

Health: -8/77      AC: 27    Str: 20    XL:     12   Next: 39%
Magic:  12/12      EV:  7    Int: 10    God:    Trog [***...]
Gold:   694        SH:  3    Dex: 13    Spells: 11/11 levels left

rFire   . . .        k - +2 war axe
rCold   . . .        u - +0 buckler
rNeg    + . .        l - +0 plate armour
rPois   ∞            g - +2 helmet
rElec   +            (no cloak)
rCorr   .            (no gloves)
SInv    .            (no boots)
Will    ++...        w - amulet of the acrobat Stlth
                     (no ring)
HPRegen 1.32/turn    (no ring)
MPRegen 0.13/turn

%: acrobat
@: about to teleport, strong-willed, on berserk cooldown, regenerating, slowed,
very slow
A: sickness immunity, AC +8, negative energy resistance 1, electricity
resistance, torment resistance 1, petrification resistance
a: Renounce Religion, Berserk, Trog's Hand


You were on level 3 of the Lair of Beasts.
You worshipped Trog.
Trog was most pleased with you.
You visited 2 branches of the dungeon, and saw 12 of its levels.

You collected 694 gold pieces.

Inventory:

Hand Weapons
 a - a +0 hand axe
 k - a +2 war axe (weapon)
Missiles
 e - 23 poisoned darts (quivered)
Armour
 g - a +2 helmet (worn)
 l - a +0 plate armour (worn)
 u - a +0 buckler (worn)
Jewellery
 w - an amulet of the acrobat (around neck)
Wands
 m - a wand of digging (5)
 q - a wand of polymorph (9)
 s - a wand of flame (19)
 t - a wand of paralysis (12)
Scrolls
 d - 4 scrolls of teleportation
 h - 2 scrolls of fear
 v - 2 scrolls of fog
Potions
 b - 2 potions of enlightenment
 c - 8 potions of lignification
 f - a potion of might
 i - 2 potions of haste
 n - a potion of invisibility
 o - a potion of ambrosia
 r - a potion of cancellation {unknown}


   Skills:
 + Level 9.9 Fighting
 + Level 13.7 Axes
 + Level 1.5 Throwing
 + Level 10.9 Armour
 + Level 2.9 Dodging
 + Level 1.3 Stealth
 + Level 0.3 Shields


You had 11 spell levels left.
You didn't know any spells.
Your spell library was empty.

Dungeon Overview and Level Annotations

Branches:
Dungeon (9/15)             Temple (0/1) D:5            Lair (3/5) D:8
  Swamp (0/4) Lair:2
  Snake: Lair:2-3    Spider: Lair:2-3       Orc: D:9-12

Altars:
Kikubaaqudgha
Okawaru
Sif Muna
Uskayaw
Vehumet
Wu Jian

Shops:
D:2 !


Innate Abilities, Weirdness & Mutations

You are immune to sickness and miasma.
Your stone body is resilient. (AC +8)
You are immune to poison.
You resist negative energy. (rN+)
You are resistant to electric shocks. (rElec)
You are resistant to unholy torment.
You are immune to petrification.


Message History

The death yak barely misses you. The death yak gores you!
Unknown command.
Your skin crawls.
You feel strong-willed.
The death yak gores you! x2; The death yak gores you!!
* * * LOW HITPOINT WARNING * * *
The death yak gores you but does no damage.
Unknown command.
You feel better. The death yak barely misses you. The death yak gores you!
* * * LOW HITPOINT WARNING * * *
As you read the scroll of fear, it crumbles to dust.
You assume a fearsome visage.
The death yak looks frightened! x2
The death yak easily resists.
The death yak resists with some effort.
The rime drake looks frightened!
The blink frog looks frightened!
The death yak gores you but does no damage.
The blink frog blinks!
The death yak gores you but does no damage.
The death yak gores you!
* * * LOW HITPOINT WARNING * * *
You feel better. The death yak gores you.
* * * LOW HITPOINT WARNING * * *
The death yak barely misses you.
You feel better.
The death yak gores you but does no damage.
The death yak gores you.
* * * LOW HITPOINT WARNING * * *
The death yak barely misses you. The death yak gores you.
* * * LOW HITPOINT WARNING * * *
You feel better. The death yak gores you!
* * * LOW HITPOINT WARNING * * *
The death yak gores you but does no damage.
Unknown command.
Okay, then.
As you read the scroll of teleportation, it crumbles to dust.
You feel strangely unstable.
The death yak seems to regain its courage.
The death yak gores you.
* * * LOW HITPOINT WARNING * * *
The death yak gores you!
You die...

##.#.##.... )####....
........... .....Y.
#........... ...♣..
#............ .....
.............†
...##..............
.F#............##. ###
#YY............### #P..
##@##...........# #
#....#..##...........##
.........#............#
......................#
#..................####
##................##
#...............##
#########......P#
#.....###


You could see 3 death yaks and a bullfrog.

Vanquished Creatures
  3 death yaks
  A boulder beetle (D:8)
  A two-headed ogre (D:8)
  3 elephants (Lair:3)
  2 black mambas
  A cane toad (Lair:2)
  3 rime drakes
  2 komodo dragons
  2 trolls
  A tyrant leech (Lair:2)
  Grinder (D:5)
  6 blink frogs
  2 wyverns (Lair:2)
  A jumping spider (Lair:3)
  3 basilisks (Lair:2)
  17 yaks
  2 steam dragons
  Edmund (D:5)
  11 water moccasins
  An ice beast (D:6)
  A black bear (D:5)
  A sky beast (D:6)
  2 ogres
  A centaur (D:7)
  6 wolves
  3 phantoms
  2 kobold brigands
  11 bullfrogs
  6 scorpions
  A howler monkey (D:8)
  A jelly (D:6)
  5 hounds
  An orc priest (D:6)
  4 iguanas
  Ijyb (D:5)
  2 gnoll boudas
  5 orc wizards
  12 gnolls
  13 adders
  2 ufetubi
  4 worms
  3 dart slugs
  13 orcs
  9 endoplasms
  2 giant cockroaches
  3 goblins
  4 hobgoblins
  5 jackals
  8 quokkas
  7 ball pythons
  2 bats
  4 frilled lizards
  11 kobolds
  6 rats
225 creatures vanquished.

Vanquished Creatures (collateral kills)
  3 blink frogs (Lair:1)
3 creatures vanquished.

Grand Total: 228 creatures vanquished

Notes
Turn   | Place    | Note
-------+----------+-------------------------------------------
     0 | D:1      | Gargoyl the Gargoyle Berserker began the quest for the Orb.
     0 | D:1      | Reached XP level 1. HP: 14/14 MP: 1/1
   207 | D:1      | Reached XP level 2. HP: 4/19 MP: 2/2
   299 | D:1      | Found a faded altar of an unknown god.
   361 | D:1      | Reached skill level 3 in Axes
   893 | D:2      | Noticed a phantom
   911 | D:2      | Killed a phantom
   912 | D:2      | Reached XP level 3. HP: 23/24 MP: 3/3
   912 | D:2      | Reached XP level 4. HP: 28/29 MP: 4/4
   986 | D:2      | Reached ** piety under Trog
   995 | D:2      | Reached skill level 4 in Axes
  1068 | D:2      | Reached XP level 5. HP: 17/33 MP: 5/5
  1260 | D:2      | Found Kikismeb's Distillery.
  2344 | D:4      | Reached XP level 6. HP: 39/39 MP: 6/6
  2814 | D:4      | Reached skill level 5 in Axes
  2814 | D:4      | Found a hide-covered altar of Uskayaw.
  3274 | D:4      | Reached XP level 7. HP: 37/44 MP: 7/7
  3509 | D:4      | Reached skill level 5 in Fighting
  3599 | D:4      | Found a shimmering blue altar of Sif Muna.
  3738 | D:5      | Entered Level 5 of the Dungeon
  3738 | D:5      | Noticed Grinder
  3909 | D:5      | Killed Grinder
  3910 | D:5      | Reached skill level 6 in Axes
  4017 | D:5      | Found an iron altar of Okawaru.
  4069 | D:5      | Reached XP level 8. HP: 39/50 MP: 8/8
  4213 | D:5      | Reached skill level 7 in Axes
  4214 | D:5      | Noticed Edmund
  4234 | D:5      | Killed Edmund
  4703 | D:5      | Noticed Ijyb
  4720 | D:5      | Killed Ijyb
  4729 | D:5      | Found a staircase to the Ecumenical Temple.
  5201 | D:6      | You fall into a shaft and drop 3 floors!
  5227 | D:9      | Reached *** piety under Trog
  5376 | D:9      | Noticed a troll
  5384 | D:9      | Killed a troll
  5385 | D:9      | Reached skill level 8 in Axes
  5385 | D:9      | Reached skill level 5 in Armour
  5385 | D:9      | Reached skill level 1 in Stealth
  5609 | D:8      | Noticed a two-headed ogre
  5655 | D:6      | Reached XP level 9. HP: 50/56 MP: 9/9
  6186 | D:6      | Reached skill level 9 in Axes
  7082 | D:8      | Killed a two-headed ogre
  7083 | D:8      | Reached skill level 10 in Axes
  7086 | D:8      | Reached XP level 10. HP: 20/63 MP: 10/10
  7289 | D:8      | Found a staircase to the Lair.
  7578 | D:8      | Found an ornate altar of the Wu Jian Council.
  7754 | D:8      | Noticed a boulder beetle
  7771 | D:8      | Killed a boulder beetle
  7772 | D:8      | Reached skill level 11 in Axes
  8059 | D:8      | Found a radiant altar of Vehumet.
  8059 | D:8      | Found an ancient bone altar of Kikubaaqudgha.
  8377 | Lair:1   | Entered Level 1 of the Lair of Beasts
  8689 | Lair:1   | Reached **** piety under Trog
  8697 | Lair:1   | Reached skill level 1 in Throwing
  8940 | Lair:1   | Reached XP level 11. HP: 63/68 MP: 11/11
  8957 | Lair:1   | You fall into a shaft and drop 1 floor!
  9163 | Lair:1   | Reached skill level 12 in Axes
 10018 | Lair:2   | Found a staircase to the Swamp.
 11007 | Lair:3   | Noticed a skyshark
 11007 | Lair:3   | Noticed a death yak
 11007 | Lair:3   | Noticed a death yak
 11007 | Lair:3   | Noticed a death yak
 11007 | Lair:3   | Noticed a death yak
 11007 | Lair:3   | Noticed a death yak
 11007 | Lair:3   | Noticed a death yak
 11018 | Lair:2   | Killed a death yak
 11019 | Lair:2   | Reached skill level 13 in Axes
 11019 | Lair:2   | Reached skill level 10 in Armour
 11025 | Lair:2   | Killed a death yak
 11155 | Lair:3   | Reached XP level 12. HP: 67/76 MP: 12/12
 11468 | Lair:3   | Noticed a death yak
 11468 | Lair:3   | Noticed a death yak
 11469 | Lair:3   | Noticed a death yak
 11471 | Lair:3   | Noticed a death yak
 11481 | Lair:3   | Killed a death yak
 11493 | Lair:3   | Noticed a death yak
 11497 | Lair:3   | HP: 2/77 [death yak (12)]
 11501 | Lair:3   | Mangled by a death yak

Illustrated notes

Levels and vault maps discovered:
D:1:      beargit_arrival_diablo_church, layout_basic,
          chequers_ecumenical_altar_simple_redux, wad_floor_pattern_untrapped,
          hangedman_feature_mirror, minmay_stone_trees_medium, st_stairs_1,
          minmay_misc_feat_five
D:2:      layout_basic, serial_shops, shop
D:3:      layout_basic, palyth_stone_intersect, grunt_decor_junction,
          minivault_25, chequers_serial_rivers_small_b
D:4:      layout_loops_corners, marbit_many_paths, kennysheep_orc_sif_temple,
          minmay_joined_circles
D:5:      layout_layer_cave, mainiacjoe_overflow_surrounded_room,
          minmay_temple_entry_nine_rooms, gup_sewer_entry_bubbles, uniq_edmund,
          uniq_ijyb, uniq_grinder
D:6:      layout_basic
D:7:      layout_loops_cross
D:8:      layout_loops_cross, nicolae_wu_jian_wuxing_cycle,
          gammafunk_temple_overflow_elements, due_lair_maze_entry_diamond,
          minmay_misc_feat_rugged, nicolae_letterblocks
          [nicolae_letter_subblock, nicolae_letter_subblock,
          nicolae_letter_subblock, nicolae_letter_subblock,
          nicolae_letter_subblock, nicolae_letter_subblock,
          nicolae_letter_subblock, nicolae_letter_subblock,
          nicolae_letter_subblock, nicolae_letter_subblock,
          nicolae_letter_subblock, nicolae_letter_subblock,
          nicolae_letter_subblock, nicolae_letter_subblock,
          nicolae_letter_subblock, nicolae_letter_subblock,
          nicolae_letter_subblock, nicolae_letter_subblock,
          nicolae_letter_subblock, nicolae_letter_subblock,
          nicolae_letter_subblock, nicolae_letter_subblock,
          nicolae_letter_subblock, nicolae_letter_subblock,
          nicolae_letter_subblock]
D:9:      layout_long_grid, minmay_orc_entry_temple_small, uniq_prince_ribbit1
Lair:1:   layout_gridlike, infiniplex_staircase_pool_2, serial_bayou_shore_a
Lair:2:   layout_chaotic_city, minmay_swamp_entry_worms,
          nicolae_volcano_entry_s_turn
Lair:3:   layout_gridlike, nicolae_spider_entry_tight_spaces, grunt_megastairs_3

Skill      XL: |  1  2  3  4  5  6  7  8  9 10 11 |
---------------+----------------------------------+-----
Axes           | 3 4 5 6 8 10 11 13 | 13.7
Fighting       | 4 5 6 7 8 9 |  9.9
Dodging        | 2 |  2.9
Armour         | 3 4 5 7 8 10 | 10.9
Stealth        | 1 |  1.3
Throwing       | 1 |  1.5
Shields        | |  0.3

Action                     |  1- 3 |  4- 6 |  7- 9 | 10-12 || total
---------------------------+-------+-------+-------+-------++-------
  Melee: Hand axe          |    84 |   150 |       |       ||   234
         War axe           |       |    65 |   314 |   402 ||   781
         Punch             |       |     1 |     4 |     4 ||     9
  Throw: Dart              |       |       |       |     8 ||     8
 Invoke: Berserk           |       |     2 |     6 |    11 ||    19
         Trog's Hand       |       |       |     4 |     8 ||    12
         Brothers in Arms  |       |       |       |     1 ||     1
    Use: Scroll            |     2 |     3 |     9 |    15 ||    29
         Potion            |       |       |       |     6 ||     6
 Armour: Animal skin       |    24 |    18 |       |       ||    42
         Plate armour      |       |   116 |   286 |   356 ||   758
         Ring mail         |       |    16 |       |       ||    16
         Skin              |       |       |     5 |       ||     5
  Dodge: Dodged            |    60 |   111 |   137 |   185 ||   493
  Block: Buckler           |       |       |       |    11 ||    11

Table legend: (Time is in decaauts)
 A = Elapsed time spent in this place.
 B = Non-inter-level travel time spent in this place.
 C = Inter-level travel time spent in this place.
 D = Time resting spent in this place.
 E = Time spent auto-exploring this place.
 F = Levels seen in this place.
 G = Mean time per level.
                   A        B        C        D        E       F      G
               +--------+--------+--------+--------+--------+-----+--------+
         Total |  11713 |  11455 |    258 |   1408 |   7654 |  12 |  976.1 |
       Dungeon |   8562 |   8360 |    202 |    643 |   5982 |   9 |  951.3 |
          Lair |   3150 |   3094 |     56 |    764 |   1672 |   3 | 1050.0 |
               +--------+--------+--------+--------+--------+-----+--------+

Top non-repeatable levels by time:
  Lair:2: 1700 daAuts
     D:4: 1657 daAuts
     D:8: 1463 daAuts
     D:5: 1385 daAuts
  Lair:1: 1060 daAuts
     D:1: 860 daAuts
     D:6: 828 daAuts
     D:7: 745 daAuts
     D:3: 716 daAuts
     D:2: 700 daAuts
  Lair:3: 390 daAuts
     D:9: 203 daAuts
